 Dungeon Crawl Stone Soup version 0.16.0-14-g63f578d (webtiles) character file.

684 Nieral the Ducker (level 7, -7/64 HPs)
             Began as a Naga Fighter on Mar 18, 2015.
             Blown up by Pikel (13 damage)
             ... with a wand of disintegration
             ... on level 4 of the Dungeon.
             The game lasted 00:13:38 (4896 turns).

Nieral the Ducker (Naga Fighter)                    Turns: 4896, Time: 00:13:39

Health: -7/64      AC:  6    Str: 23    XL:     7   Next: 62%
Magic:  7/7        EV:  9    Int:  9    God:
Gold:   326        SH: 10    Dex: 12    Spells: 0 memorised, 6 levels left

rFire  . . .     SeeInvis +     v - +0 war axe
rCold  . . .     Clarity  .     m - +1 leather armour
rNeg   . . .     SustAb   +     c - +0 shield
rPois  +         Gourm    .     g - +0 helmet
rElec  .         Spirit   .     (no cloak)
rCorr  .         Warding  .     (no gloves)
rMut   .         Stasis   .     (no barding)
MR     .....                    (no amulet)
Stlth  +.........               (no ring)
                                f - ring of sustain abilities

@: mighty, very slow, not resistant to hostile enchantments, very unstealthy
A: spit poison, see invisible, deformed body, poison resistance, slowness 2, AC
+2
a: Spit Poison


You were on level 4 of the Dungeon.
You were not hungry.

You visited 1 branch of the dungeon, and saw 5 of its levels.

You collected 326 gold pieces.

Inventory:

Hand weapons
 a - a +0 war axe
 v - a +0 war axe (weapon)
Armour
 c - a +0 shield (worn)
 g - a +0 helmet (worn)
 m - a +1 leather armour (worn)
Jewellery
 f - a ring of sustain abilities (left hand)
 w - an uncursed ring of teleport control {unknown}
Magical devices
 l - a wand of polymorph (1)
 n - a wand of digging (10)
Scrolls
 b - a scroll of blinking
 d - a scroll of enchant armour
 h - 2 scrolls of recharging
 o - 2 scrolls of identify
 s - a scroll of teleportation
 t - a scroll of fear
 u - a scroll of magic mapping
Potions
 e - a potion of might
 i - a potion of curing
 k - a potion of cancellation
 q - a potion of cure mutation
Comestibles
 j - 5 bread rations
 p - a beef jerky
 r - 3 fruits


   Skills:
 + Level 4.1 Fighting
 + Level 3.6 Axes
 + Level 2.9 Armour
 * Level 4.2 Dodging
 + Level 0.4 Stealth
 * Level 3.9 Shields


You had 6 spell levels left.
You didn't know any spells.

Dungeon Overview and Level Annotations

Branches:
Dungeon (5/15)
 Temple: D:4-7

Altars:

Annotations:
D:4 Pikel
D:5 gw's ghost, experienced DgGl


Innate Abilities, Weirdness & Mutations

You cannot wear boots.
You can spit poison.
Your serpentine skin is tough (AC +2).
You have supernaturally acute eyesight.
Armour fits poorly on your strangely shaped body.
Your system is resistant to poisons.
You cover ground very slowly.


Message History

You closely miss the slave. You hit the slave!
The slave is severely wounded.
You closely miss the slave.
The slave is moderately wounded.
You block the slave's attack. x2
The slave hits you. Gw's ghost hits you!
* * * LOW HITPOINT WARNING * * *
You block the slave's attack. The slave hits you.
* * * LOW HITPOINT WARNING * * *
Gw's ghost hits you but does no damage. The slave barely misses you.
You climb upwards.
There is a stone staircase leading down, spattered with blood here.
You slash Pikel!
Pikel is heavily wounded.
You closely miss the slave.
The slave is moderately wounded.
You closely miss the slave. The slave hits you but does no damage.
Pikel zaps a wand.
You are blasted!
You die...

#.# ##.# ##..#..##.###..# ##..
#.#####.## #.###....####.#####.
.....##.# #.###.....##....#)..
..###...# #.##...##........)..
.## ###.## #..#...##..##....)..
.# ##.#####......##..#........
.## ##.......####....##........
..### #........p####........#....
#...###.......#K@###..#.....#....
###.........####p##..###.........
####.......## ##.#..##.....#....
......##...# #..........###...
.....###..## ##....####.####..
#....# #...# ##.#..## #..# ##.
#...## #...#####.###.# ##.####.
#...)# #....##..## #.## #..#...
#..#.###.......## ##.#####...##.


You could see Pikel and 2 slaves.

Vanquished Creatures
  2 ogres (D:4)
  A big kobold (D:3)
  The ghost of gw the Gusty, an average HEAE (D:3)
  A jelly (D:4)
  A giant frog skeleton (D:4)
  2 hounds (D:4)
  2 orc wizards (D:3)
  Ijyb (D:2)
  3 adders
  2 giant mites
  3 worms
  4 giant geckos
  2 oozes
  18 orcs
  A bat skeleton (D:4)
  6 giant cockroaches
  9 hobgoblins
  18 jackals
  2 quokkas
  A ball python (D:1)
  8 bats
  6 giant newts
  7 goblins
  12 kobolds
  5 rats
  2 fungi (D:3)
120 creatures vanquished.

Notes
Turn   | Place    | Note
--------------------------------------------------------------
     0 | D:1      | Nieral, the Naga Fighter, began the quest for the Orb.
     0 | D:1      | Reached XP level 1. HP: 21/21 MP: 1/1
   122 | D:1      | Reached XP level 2. HP: 21/28 MP: 2/2
   517 | D:1      | Reached XP level 3. HP: 27/34 MP: 3/3
  1037 | D:2      | Reached XP level 4. HP: 25/42 MP: 4/4
  1216 | D:2      | Noticed Ijyb
  1218 | D:2      | Reached skill level 1 in Dodging
  1227 | D:2      | Killed Ijyb
  1905 | D:3      | Noticed gw's ghost (average HEAE)
  1916 | D:3      | Killed gw's ghost
  1916 | D:3      | Reached XP level 5. HP: 28/49 MP: 5/5
  2278 | D:3      | Reached XP level 6. HP: 57/57 MP: 6/6
  2738 | D:3      | Noticed a big kobold
  2743 | D:3      | Killed a big kobold
  2881 | D:3      | Reached skill level 4 in Fighting
  3219 | D:4      | Reached XP level 7. HP: 14/64 MP: 7/7
  4866 | D:5      | Entered Level 5 of the Dungeon
  4876 | D:5      | Noticed gw's ghost (experienced DgGl)
  4877 | D:5      | Noticed Pikel
  4896 | D:4      | Blown up by Pikel

Action                   |  1- 3 |  4- 6 |  7- 9 || total
-------------------------+-------+-------+-------++-------
Melee: War axe           |    91 |   158 |    88 ||   337
 Abil: Spit Poison       |       |     1 |     1 ||     2
  Use: Scroll            |     4 |     6 |     1 ||    11
       Potion            |     3 |     7 |     1 ||    11
 Stab: Sleeping          |     1 |       |       ||     1
  Eat: Bread ration      |     1 |     1 |       ||     2
       Meat ration       |       |       |     1 ||     1
